Nashville Predators vs Boston Bruins
Created - Friday, October 11, 2024 at 08:18
Goals
|
| Nashville Predators |
0 |
1 |
0 |
1 |
| Boston Bruins |
0 |
3 |
1 |
4 |
|
Shots
|
| Nashville Predators |
8 |
15 |
13 |
36 |
| Boston Bruins |
15 |
14 |
11 |
40 |
|
1st period
No Goal
Penalties :
John Ludvig (BOS) for Holding (Minor) at 3:57
2nd period
1. Boston Bruins , Aatu Raty 2 (Angus Crookshank 6, Anthony Beauvillier 9) at 1:56
2. Boston Bruins , John-Jason Peterka 9 (Cam York 14) at 2:54
3. Boston Bruins , Angus Crookshank 6 (Anthony Beauvillier 10, John Ludvig 1) at 14:49
4. Nashville Predators , Colton Sissons 17 (Dante Fabbro 10, Jordan Harris 10) at 15:02
Penalties :
Alex Vlasic (BOS) for Interference (Minor) at 4:16, Mattias Samuelsson (NSH) for Tripping (Minor) at 9:24, Jack Drury (NSH) for Slashing (Minor) at 12:08
3rd period
5. Boston Bruins , Drew O'Connor 9 (John-Jason Peterka 9, Alex Vlasic 14) at 12:35
Penalties :
Matt Grzelcyk (BOS) for Tripping (Minor) at 10:18, Mattias Samuelsson (NSH) for Cross-checking (Minor) at 15:10
Goalie Stats
Anthony Stolarz (NSH), 36 saves from 40 shots - (0.900), L, 6-8-1, 60:00 minutes
Pyotr Kochetkov (BOS), 35 saves from 36 shots - (0.972), W, 15-5-4, 60:00 minutes
Players Stats for Nashville Predators
Player Name G A P +/- PIM S H SB GA TA FO MP PP MP PK MP
------------------------------------------------------------------------------------
Artem Zub 0 0 0 -2 0 0 0 1 0 2 0/0 22:36 3:22 2:47
Brett Leason 0 0 0 -1 0 1 3 0 1 0 0/1 18:35 2:58 2:48
Colton Sissons 1 0 1 1 0 3 1 0 2 0 12/15 18:40 2:59 2:48
Dante Fabbro 0 1 1 -1 0 3 0 3 0 0 0/0 21:50 3:22 2:43
Henri Jokiharju 0 0 0 -1 0 1 0 3 0 2 0/0 17:01 0:00 0:24
Jack Drury 0 0 0 -2 2 1 1 1 1 0 4/7 12:21 0:00 0:13
Jesper Boqvist 0 0 0 -2 0 2 1 1 0 0 0/0 12:09 0:00 0:04
Jordan Harris 0 1 1 0 0 1 0 0 0 0 0/0 20:37 2:35 3:00
Josh Doan 0 0 0 -1 0 0 0 0 0 1 0/0 10:15 0:00 0:00
Leo Carlsson 0 0 0 -1 0 4 0 0 1 0 0/0 15:47 2:58 0:00
Mattias Samuelsson 0 0 0 -1 4 2 3 3 0 0 0/0 18:23 2:35 0:00
Max Pacioretty 0 0 0 1 0 5 2 0 1 0 1/2 15:43 2:55 0:00
Michael Carcone 0 0 0 -1 0 2 0 0 1 0 1/2 10:15 0:00 0:00
Pius Suter 0 0 0 1 0 4 2 1 0 0 0/1 18:44 2:59 2:52
Ryan Johansen 0 0 0 -1 0 3 3 0 0 0 20/28 18:39 2:58 2:52
Simon Benoit 0 0 0 -1 0 0 0 2 0 3 0/0 19:35 0:00 3:00
Thomas Novak 0 0 0 -1 0 2 0 0 1 0 1/4 10:15 0:00 0:00
Zach Benson 0 0 0 -2 0 2 2 0 0 0 0/0 12:35 0:04 0:17
Players Stats for Boston Bruins
Player Name G A P +/- PIM S H SB GA TA FO MP PP MP PK MP
------------------------------------------------------------------------------------
Aatu Raty 1 0 1 2 0 2 1 0 1 0 1/6 9:07 0:00 0:00
Alex Newhook 0 0 0 -1 0 2 2 1 0 0 4/18 19:06 3:03 3:00
Alex Vlasic 0 1 1 2 2 0 0 0 0 1 0/0 20:54 3:10 2:05
Anders Lee 0 0 0 -1 0 1 1 0 0 1 0/0 19:07 3:03 2:49
Angus Crookshank 1 1 2 2 0 4 0 0 1 0 0/2 9:07 0:00 0:00
Anthony Beauvillier 0 2 2 2 0 5 0 0 1 0 1/1 9:07 0:00 0:00
Cam York 0 1 1 2 0 3 1 3 0 0 0/0 22:12 3:10 3:22
Drew O'Connor 1 0 1 2 0 5 0 0 0 1 0/0 12:21 0:00 0:08
Jack Studnicka 0 0 0 2 0 3 1 0 1 0 6/10 11:50 0:00 0:00
Joel Farabee 0 0 0 -1 0 3 1 1 2 1 0/0 19:06 3:03 3:00
John Ludvig 0 1 1 0 2 0 0 3 0 1 0/0 17:44 0:00 1:29
John-Jason Peterka 1 1 2 2 0 4 1 0 1 0 0/0 11:50 0:00 0:00
Matt Grzelcyk 0 0 0 1 2 2 1 1 0 1 0/0 21:42 2:47 2:11
Michael Kesselring 0 0 0 0 0 1 1 1 0 0 0/0 15:53 0:00 0:00
Michael Rasmussen 0 0 0 0 0 2 1 0 0 1 1/1 16:56 2:54 0:08
Morgan Geekie 0 0 0 0 0 1 2 0 1 0 0/2 16:25 2:54 0:00
Nick Perbix 0 0 0 1 0 0 0 3 0 1 0/0 22:07 2:47 2:47
Ryan Strome 0 0 0 0 0 2 3 0 0 0 8/20 19:26 2:54 2:49
3 Stars
1 - Pyotr Kochetkov (BOS)
2 - John-Jason Peterka (BOS)
3 - Angus Crookshank (BOS)
Power Play
Nashville Predators - 0 on 3 Attempt(s) - 0.00%
Boston Bruins - 0 on 3 Attempt(s) - 0.00%
Penalty Kill
Nashville Predators - 3 on 3 Attempt(s) - 100.00%
- Score 0 goal in Penalty Kill
Boston Bruins - 3 on 3 Attempt(s) - 100.00%
- Score 0 goal in Penalty Kill
Team Stat
Nashville Predators - Hits : 18 - Faceoff Wins : 39 - Blocked Shots : 15 - Penalty Minutes : 6
Boston Bruins - Hits : 16 - Faceoff Wins : 21 - Blocked Shots : 13 - Penalty Minutes : 6
Official
Referees : Corey Syvret and Chris Lee
Linesman : Libor Suchanek and Ryan Galloway
Game Notes
No Game Note
Finance
Level 1 -- Attendance: 4693 (78.22%) -- Ticket Income $469,300
Level 2 -- Attendance: 3446 (68.92%) -- Ticket Income $206,760
Level 3 -- Attendance: 2080 (69.33%) -- Ticket Income $72,800
Level 4 -- Attendance: 3787 (75.74%) -- Ticket Income $94,675
Luxury Box -- Attendance: 710 (71.00%) -- Ticket Income $142,000
Game was played at the TD Garden.
Total Attendance: 14716 (73.58%)
Total Ticket Income: $985,535
Other Income: $344,937
Total Income: $1,330,472
Nashville Predators
5 vs 5 Forward
Center Left Wing Right Wing Time % Phy DF OF
1 Colton Sissons Max Pacioretty Pius Suter 27 1 2 2
2 Ryan Johansen Leo Carlsson Brett Leason 27 0 2 3
3 Jack Drury Zach Benson Jesper Boqvist 25 0 2 3
4 Thomas Novak Josh Doan Michael Carcone 21 1 2 2
5 vs 5 Defense
Defense Defense Time % Phy DF OF
1 Artem Zub Mattias Samuelsson 35 1 3 1
2 Simon Benoit Henri Jokiharju 35 1 3 1
3 Jordan Harris Dante Fabbro 30 1 3 1
4 Dante Fabbro Artem Zub 0 1 3 1
PowerPlay Forward
Center Left Wing Right Wing Time % Phy DF OF
1 Colton Sissons Max Pacioretty Pius Suter 50 1 1 3
2 Ryan Johansen Brett Leason Leo Carlsson 50 1 1 3
PowerPlay Defense
Defense Defense Time % Phy DF OF
1 Dante Fabbro Artem Zub 50 1 1 3
2 Jordan Harris Mattias Samuelsson 50 2 2 1
Penalty Kill 4 Players Forward
Center Wing Time % Phy DF OF
1 Colton Sissons Brett Leason 50 1 2 2
2 Ryan Johansen Pius Suter 50 1 2 2
Penalty Kill 4 Players Defense
Defense Defense Time % Phy DF OF
1 Dante Fabbro Artem Zub 50 2 2 1
2 Simon Benoit Jordan Harris 50 1 2 2
Penalty Kill - 3 Players Forward
Forward Time % Phy DF OF
1 Colton Sissons 50 1 2 2
2 Ryan Johansen 50 1 2 2
Penalty Kill - 3 Players Defense
Defense Defense Time % Phy DF OF
1 Dante Fabbro Artem Zub 50 1 2 2
2 Jordan Harris Mattias Samuelsson 50 1 2 2
4 vs 4 Forward
Center Wing Time % Phy DF OF
1 Colton Sissons Pius Suter 50 1 2 2
2 Ryan Johansen Max Pacioretty 50 1 2 2
4 vs 4 Defense
Defense Defense Time % Phy DF OF
1 Artem Zub Jordan Harris 50 2 2 1
2 Dante Fabbro Simon Benoit 50 1 2 2
Last Minutes Offensive
Center Left Wing Right Wing Defense Defense
Colton Sissons Pius Suter Brett Leason Dante Fabbro Jordan Harris
Last Minutes Defensive
Center Left Wing Right Wing Defense Defense
Colton Sissons Pius Suter Brett Leason Mattias Samuelsson Artem Zub
Goaltenders
Starting : Anthony Stolarz
Backup : Semyon Varlamov
Extra Forwards
Normal : Leo Carlsson, Zach Benson, Colton Sissons - PP : Colton Sissons, Pius Suter - PK : Jack Drury
Extra Defensemen
Normal : Artem Zub, Dante Fabbro, Mattias Samuelsson - PP : Artem Zub - PK : Artem Zub, Dante Fabbro
Penalty Shots
Thomas Novak, Leo Carlsson, Pius Suter, Colton Sissons, Max Pacioretty
Scratches
Liam Foudy (Healthy), Jakub Voracek (Healthy), Parker Wotherspoon (Strained Right Elbow Injury), Mads Sogaard (Healthy), Samuel Ersson (Healthy)
Boston Bruins
5 vs 5 Forward
Center Left Wing Right Wing Time % Phy DF OF
1 Alex Newhook Anders Lee Joel Farabee 30 1 2 2
2 Ryan Strome Michael Rasmussen Morgan Geekie 30 1 2 2
3 Jack Studnicka Drew O'Connor John-Jason Peterka 25 1 2 2
4 Aatu Raty Angus Crookshank Anthony Beauvillier 15 1 2 2
5 vs 5 Defense
Defense Defense Time % Phy DF OF
1 Cam York Alex Vlasic 35 1 2 2
2 Nick Perbix Matt Grzelcyk 35 1 2 2
3 Michael Kesselring John Ludvig 30 1 2 2
4 Cam York Alex Vlasic 0 1 2 2
PowerPlay Forward
Center Left Wing Right Wing Time % Phy DF OF
1 Alex Newhook Anders Lee Joel Farabee 50 1 2 2
2 Ryan Strome Michael Rasmussen Morgan Geekie 50 1 2 2
PowerPlay Defense
Defense Defense Time % Phy DF OF
1 Cam York Alex Vlasic 50 1 2 2
2 Nick Perbix Matt Grzelcyk 50 1 2 2
Penalty Kill 4 Players Forward
Center Wing Time % Phy DF OF
1 Alex Newhook Joel Farabee 50 1 2 2
2 Ryan Strome Anders Lee 50 1 2 2
Penalty Kill 4 Players Defense
Defense Defense Time % Phy DF OF
1 Cam York Alex Vlasic 50 1 2 2
2 Nick Perbix Matt Grzelcyk 50 1 2 2
Penalty Kill - 3 Players Forward
Forward Time % Phy DF OF
1 Alex Newhook 50 1 2 2
2 Joel Farabee 50 1 2 2
Penalty Kill - 3 Players Defense
Defense Defense Time % Phy DF OF
1 Cam York Alex Vlasic 50 1 2 2
2 Nick Perbix Matt Grzelcyk 50 1 2 2
4 vs 4 Forward
Center Wing Time % Phy DF OF
1 Alex Newhook Joel Farabee 50 1 2 2
2 Ryan Strome Anders Lee 50 1 2 2
4 vs 4 Defense
Defense Defense Time % Phy DF OF
1 Cam York Alex Vlasic 50 1 2 2
2 Nick Perbix Matt Grzelcyk 50 1 2 2
Last Minutes Offensive
Center Left Wing Right Wing Defense Defense
Alex Newhook Anders Lee Joel Farabee Cam York Alex Vlasic
Last Minutes Defensive
Center Left Wing Right Wing Defense Defense
Alex Newhook Anders Lee Joel Farabee Cam York Alex Vlasic
Goaltenders
Starting : Pyotr Kochetkov
Backup : Olivier Rodrigue
Extra Forwards
Normal : Angus Crookshank, John-Jason Peterka, Drew O'Connor - PP : Angus Crookshank, John-Jason Peterka - PK : Drew O'Connor
Extra Defensemen
Normal : Michael Kesselring, John Ludvig, Nick Perbix - PP : Michael Kesselring - PK : John Ludvig, Nick Perbix
Penalty Shots
Alex Newhook, Joel Farabee, Ryan Strome, Anders Lee, Michael Rasmussen
Scratches
Tyson Barrie (Healthy), Fabian Lysell (Healthy), Beck Malenstyn (Healthy), Samuel Bolduc (Healthy), Jacob Moverare (Healthy)
% Time on Ice - Nashville Predators
Lines # - Real PCT - Wanted PCT - Time Play
Normal Forward
1 - 27% - 27% - 12:57
2 - 27% - 27% - 12:51
3 - 25% - 25% - 12:03
4 - 21% - 21% - 10:15
Normal Defense
1 - 34% - 35% - 16:29
2 - 35% - 35% - 17:00
3 - 30% - 30% - 14:37
4 - 0% - 0% - 0:00
PP Forward
1 - 50% - 50% - 2:59
2 - 50% - 50% - 2:58
PP Defense
1 - 57% - 50% - 3:22
2 - 43% - 50% - 2:35
PK Forward
1 - 51% - 50% - 3:01
2 - 49% - 50% - 2:56
PK Defense
1 - 46% - 50% - 2:43
2 - 54% - 50% - 3:14
PK3 Forward
1 - 0% - 50%
2 - 0% - 50%
PK3 Defense
1 - 0% - 50%
2 - 0% - 50%
44 Forward
1 - 0% - 50%
2 - 0% - 50%
44 Defense
1 - 0% - 50%
2 - 0% - 50%
Last Minute Offensive - 0:00
Last Minute Defensive - 0:00
Total
Forward - 60:00
Defense - 60:00
|
% Time on Ice - Boston Bruins
Lines # - Real PCT - Wanted PCT - Time Play
Normal Forward
1 - 28% - 30% - 13:26
2 - 29% - 30% - 13:43
3 - 25% - 25% - 11:50
4 - 19% - 15% - 9:07
Normal Defense
1 - 32% - 35% - 15:22
2 - 35% - 35% - 16:51
3 - 33% - 30% - 15:53
4 - 0% - 0% - 0:00
PP Forward
1 - 51% - 50% - 3:03
2 - 49% - 50% - 2:54
PP Defense
1 - 53% - 50% - 3:10
2 - 47% - 50% - 2:47
PK Forward
1 - 51% - 50% - 3:01
2 - 49% - 50% - 2:56
PK Defense
1 - 52% - 50% - 3:04
2 - 48% - 50% - 2:53
PK3 Forward
1 - 0% - 50%
2 - 0% - 50%
PK3 Defense
1 - 0% - 50%
2 - 0% - 50%
44 Forward
1 - 0% - 50%
2 - 0% - 50%
44 Defense
1 - 0% - 50%
2 - 0% - 50%
Last Minute Offensive - 0:00
Last Minute Defensive - 0:00
Total
Forward - 60:00
Defense - 60:00
|
Play-by-Play
1st period
0:01 of 1st period - Alex Newhook wins face-off versus Max Pacioretty in neutral zone.
0:15 of 1st period - Off-side.
0:16 of 1st period - Ryan Strome wins face-off versus Ryan Johansen in neutral zone.
0:19 of 1st period - Snap shot by Morgan Geekie.
0:19 of 1st period - Shot Blocked by Henri Jokiharju.
0:21 of 1st period - Wrist shot by Morgan Geekie.
0:21 of 1st period - Shot Misses the Net.
0:45 of 1st period - Jack Drury is hit by Jack Studnicka and loses puck.
1:29 of 1st period - Snap shot by Alex Newhook.
1:29 of 1st period - Shot Misses the Net.
1:31 of 1st period - Wrist shot by Joel Farabee.
1:31 of 1st period - Stopped by Anthony Stolarz with a rebound.
1:33 of 1st period - Slapshot by Michael Kesselring.
1:33 of 1st period - Shot Blocked by Pius Suter.
1:49 of 1st period - Michael Rasmussen is hit by Ryan Johansen.
3:10 of 1st period - Matt Grzelcyk is hit by Pius Suter and loses puck.
3:21 of 1st period - Snap shot by Colton Sissons.
3:21 of 1st period - Shot Blocked by Joel Farabee.
3:40 of 1st period - Slapshot by Max Pacioretty.
3:40 of 1st period - Stopped by Pyotr Kochetkov without a rebound.
3:41 of 1st period - Ryan Johansen wins face-off versus Ryan Strome in Boston Bruins zone.
3:57 of 1st period - Minor Penalty to John Ludvig for Holding.
3:58 of 1st period - Ryan Johansen wins face-off versus Ryan Strome in Boston Bruins zone.
4:02 of 1st period - Wrist shot by Leo Carlsson.
4:02 of 1st period - Stopped by Pyotr Kochetkov without a rebound.
4:03 of 1st period - Ryan Strome wins face-off versus Ryan Johansen in Boston Bruins zone.
4:50 of 1st period - Joel Farabee is hit by Ryan Johansen and loses puck.
5:57 of 1st period - Penalty to John Ludvig is over, John Ludvig is back on ice.
6:06 of 1st period - Michael Rasmussen is hit by Mattias Samuelsson and loses puck.
7:29 of 1st period - Snap shot by Anthony Beauvillier.
7:29 of 1st period - Stopped by Anthony Stolarz without a rebound.
7:30 of 1st period - Jack Studnicka wins face-off versus Thomas Novak in Nashville Predators zone.
7:44 of 1st period - Icing by Michael Carcone.
7:45 of 1st period - Ryan Strome wins face-off versus Thomas Novak in Nashville Predators zone.
8:35 of 1st period - Snap shot by Michael Carcone.
8:35 of 1st period - Stopped by Pyotr Kochetkov without a rebound.
8:36 of 1st period - Ryan Johansen wins face-off versus Ryan Strome in Boston Bruins zone.
8:39 of 1st period - Wrist shot by Leo Carlsson.
8:39 of 1st period - Deflect By Ryan Strome.
8:39 of 1st period - Shot Misses the Net.
8:39 of 1st period - Puck is out of play.
8:40 of 1st period - Ryan Johansen wins face-off versus Morgan Geekie in Boston Bruins zone.
8:47 of 1st period - Wrist shot by Ryan Johansen.
8:47 of 1st period - Shot Blocked by Nick Perbix.
8:49 of 1st period - Slapshot by Dante Fabbro.
8:49 of 1st period - Stopped by Pyotr Kochetkov without a rebound.
8:50 of 1st period - Jack Studnicka wins face-off versus Colton Sissons in Boston Bruins zone.
8:50 of 1st period - Jack Studnicka is hit by Colton Sissons.
8:58 of 1st period - Slapshot by Drew O'Connor.
8:58 of 1st period - Stopped by Anthony Stolarz with a rebound.
9:16 of 1st period - Mattias Samuelsson is hit by Morgan Geekie and loses puck.
10:08 of 1st period - Wrist shot by Joel Farabee.
10:08 of 1st period - Shot Misses the Net.
10:10 of 1st period - Snap shot by Alex Newhook.
10:10 of 1st period - Shot Blocked by Dante Fabbro.
10:14 of 1st period - Snap shot by Alex Newhook.
10:14 of 1st period - Stopped by Anthony Stolarz without a rebound.
10:15 of 1st period - Ryan Strome wins face-off versus Ryan Johansen in Nashville Predators zone.
10:16 of 1st period - Snap shot by Morgan Geekie.
10:16 of 1st period - Shot Misses the Net.
10:51 of 1st period - Snap shot by Zach Benson.
10:51 of 1st period - Stopped by Pyotr Kochetkov with a rebound.
11:05 of 1st period - Slapshot by Anthony Beauvillier.
11:05 of 1st period - Stopped by Anthony Stolarz without a rebound.
11:06 of 1st period - Colton Sissons wins face-off versus Aatu Raty in Nashville Predators zone.
11:35 of 1st period - Wrist shot by John-Jason Peterka.
11:35 of 1st period - Deflect By Drew O'Connor.
11:35 of 1st period - Stopped by Anthony Stolarz with a rebound.
11:37 of 1st period - Snap shot by Drew O'Connor.
11:37 of 1st period - Shot Misses the Net.
11:39 of 1st period - Slapshot by Cam York.
11:39 of 1st period - Stopped by Anthony Stolarz with a rebound.
11:43 of 1st period - Snap shot by John-Jason Peterka.
11:43 of 1st period - Shot Blocked by Mattias Samuelsson.
12:24 of 1st period - Slapshot by Zach Benson.
12:24 of 1st period - Shot Misses the Net.
12:36 of 1st period - Slapshot by Anders Lee.
12:36 of 1st period - Deflect By Alex Newhook.
12:36 of 1st period - Shot Blocked by Dante Fabbro.
12:36 of 1st period - Puck is out of play.
12:37 of 1st period - Alex Newhook wins face-off versus Thomas Novak in Nashville Predators zone.
12:40 of 1st period - Wrist shot by Alex Newhook.
12:40 of 1st period - Shot Blocked by Henri Jokiharju.
13:41 of 1st period - Angus Crookshank is hit by Pius Suter and loses puck.
14:34 of 1st period - Snap shot by Leo Carlsson.
14:34 of 1st period - Shot Blocked by Cam York.
15:04 of 1st period - Aatu Raty is hit by Max Pacioretty and loses puck.
15:12 of 1st period - Off-side.
15:13 of 1st period - Ryan Johansen wins face-off versus Ryan Strome in neutral zone.
15:38 of 1st period - Zach Benson is hit by Matt Grzelcyk and loses puck.
16:07 of 1st period - Wrist shot by Alex Newhook.
16:07 of 1st period - Stopped by Anthony Stolarz without a rebound.
16:08 of 1st period - Ryan Johansen wins face-off versus Morgan Geekie in Nashville Predators zone.
16:13 of 1st period - Wrist shot by Leo Carlsson.
16:13 of 1st period - Stopped by Pyotr Kochetkov without a rebound.
16:14 of 1st period - Ryan Strome wins face-off versus Ryan Johansen in Boston Bruins zone.
16:25 of 1st period - Brett Leason is hit by Ryan Strome and loses puck.
16:46 of 1st period - Snap shot by Alex Newhook.
16:46 of 1st period - Shot Blocked by Henri Jokiharju.
16:48 of 1st period - Snap shot by Anders Lee.
16:48 of 1st period - Stopped by Anthony Stolarz with a rebound.
16:50 of 1st period - Slapshot by Cam York.
16:50 of 1st period - Stopped by Anthony Stolarz with a rebound.
17:08 of 1st period - Snap shot by Anthony Beauvillier.
17:08 of 1st period - Shot Misses the Net.
17:10 of 1st period - Wrist shot by Matt Grzelcyk.
17:10 of 1st period - Deflect By Simon Benoit.
17:10 of 1st period - Stopped by Anthony Stolarz without a rebound.
17:11 of 1st period - Michael Rasmussen wins face-off versus Colton Sissons in Nashville Predators zone.
17:12 of 1st period - Wrist shot by Ryan Strome.
17:12 of 1st period - Stopped by Anthony Stolarz with a rebound.
17:14 of 1st period - Slapshot by Matt Grzelcyk.
17:14 of 1st period - Shot Misses the Net.
17:16 of 1st period - Wrist shot by Ryan Strome.
17:16 of 1st period - Shot Misses the Net.
17:20 of 1st period - Snap shot by Morgan Geekie.
17:20 of 1st period - Stopped by Anthony Stolarz with a rebound.
17:22 of 1st period - Wrist shot by Michael Rasmussen.
17:22 of 1st period - Shot Blocked by Artem Zub.
17:24 of 1st period - Slapshot by Michael Rasmussen.
17:24 of 1st period - Stopped by Anthony Stolarz without a rebound.
17:25 of 1st period - Jack Studnicka wins face-off versus Jack Drury in Nashville Predators zone.
17:36 of 1st period - Wrist shot by Drew O'Connor.
17:36 of 1st period - Shot Blocked by Mattias Samuelsson.
17:40 of 1st period - Slapshot by Drew O'Connor.
17:40 of 1st period - Stopped by Anthony Stolarz with a rebound.
18:16 of 1st period - Artem Zub is hit by Michael Kesselring.
18:20 of 1st period - Michael Carcone is hit by Anders Lee and loses puck.
19:39 of 1st period - Backhand shot by Thomas Novak.
19:39 of 1st period - Stopped by Pyotr Kochetkov with a rebound.
19:41 of 1st period - Slapshot by Josh Doan.
19:41 of 1st period - Deflect By Thomas Novak.
19:41 of 1st period - Stopped by Pyotr Kochetkov without a rebound.
19:42 of 1st period - Jack Drury wins face-off versus Jack Studnicka in Boston Bruins zone.
Goals for this period are 0 for Nashville Predators vs 0 for Boston Bruins.
Shots for this period are 8 for Nashville Predators vs 15 for Boston Bruins.
2nd period
0:01 of 2nd period - Colton Sissons wins face-off versus Ryan Strome in neutral zone.
0:49 of 2nd period - Angus Crookshank is hit by Brett Leason and loses puck.
0:55 of 2nd period - Icing by Anthony Beauvillier.
0:56 of 2nd period - Max Pacioretty wins face-off versus Aatu Raty in Boston Bruins zone.
0:57 of 2nd period - Snap shot by Colton Sissons.
0:57 of 2nd period - Stopped by Pyotr Kochetkov with a rebound.
1:08 of 2nd period - Icing by Matt Grzelcyk.
1:09 of 2nd period - Ryan Johansen wins face-off versus Aatu Raty in Boston Bruins zone.
1:16 of 2nd period - Wrist shot by Leo Carlsson.
1:16 of 2nd period - Stopped by Pyotr Kochetkov with a rebound.
1:42 of 2nd period - Wrist shot by Jack Drury.
1:42 of 2nd period - Shot Misses the Net.
1:48 of 2nd period - Wrist shot by Anthony Beauvillier.
1:48 of 2nd period - Stopped by Anthony Stolarz with a rebound.
1:54 of 2nd period - Snap shot by Angus Crookshank.
1:54 of 2nd period - Stopped by Anthony Stolarz with a rebound.
1:56 of 2nd period - Snap shot by Aatu Raty.
1:56 of 2nd period - Goal by Aatu Raty - Nashville Predators : 0 - Boston Bruins : 1.
1:57 of 2nd period - Colton Sissons wins face-off versus Ryan Strome in neutral zone.
2:00 of 2nd period - Snap shot by Max Pacioretty.
2:00 of 2nd period - Shot Blocked by John Ludvig.
2:02 of 2nd period - Slapshot by Colton Sissons.
2:02 of 2nd period - Stopped by Pyotr Kochetkov with a rebound.
2:43 of 2nd period - Slapshot by Max Pacioretty.
2:43 of 2nd period - Stopped by Pyotr Kochetkov without a rebound.
2:44 of 2nd period - Jack Studnicka wins face-off versus Ryan Johansen in Boston Bruins zone.
2:44 of 2nd period - Jack Studnicka is hit by Brett Leason.
2:54 of 2nd period - Snap shot by John-Jason Peterka.
2:54 of 2nd period - Goal by John-Jason Peterka - Nashville Predators : 0 - Boston Bruins : 2.
2:55 of 2nd period - Ryan Johansen wins face-off versus Jack Studnicka in neutral zone.
3:10 of 2nd period - Slapshot by Ryan Johansen.
3:10 of 2nd period - Shot Blocked by John Ludvig.
3:22 of 2nd period - Morgan Geekie is hit by Jesper Boqvist and loses puck.
3:35 of 2nd period - Wrist shot by Zach Benson.
3:35 of 2nd period - Shot Misses the Net.
4:06 of 2nd period - Off-side.
4:07 of 2nd period - Michael Carcone wins face-off versus Angus Crookshank in neutral zone.
4:14 of 2nd period - Slapshot by Michael Carcone.
4:14 of 2nd period - Stopped by Pyotr Kochetkov with a rebound.
4:16 of 2nd period - Minor Penalty to Alex Vlasic for Interference.
4:17 of 2nd period - Colton Sissons wins face-off versus Alex Newhook in Boston Bruins zone.
4:20 of 2nd period - Snap shot by Pius Suter.
4:20 of 2nd period - Stopped by Pyotr Kochetkov without a rebound.
4:21 of 2nd period - Colton Sissons wins face-off versus Alex Newhook in Boston Bruins zone.
4:22 of 2nd period - Snap shot by Max Pacioretty.
4:22 of 2nd period - Stopped by Pyotr Kochetkov without a rebound.
4:23 of 2nd period - Alex Newhook wins face-off versus Colton Sissons in Boston Bruins zone.
4:47 of 2nd period - Snap shot by Alex Newhook.
4:47 of 2nd period - Shot Misses the Net.
6:16 of 2nd period - Penalty to Alex Vlasic is over, Alex Vlasic is back on ice.
6:47 of 2nd period - Icing by John Ludvig.
6:48 of 2nd period - Anthony Beauvillier wins face-off versus Jack Drury in Boston Bruins zone.
6:50 of 2nd period - Icing by Angus Crookshank.
6:51 of 2nd period - Aatu Raty wins face-off versus Jack Drury in Boston Bruins zone.
7:06 of 2nd period - Wrist shot by Angus Crookshank.
7:06 of 2nd period - Shot Blocked by Jack Drury.
7:40 of 2nd period - Max Pacioretty is hit by Ryan Strome and loses puck.
8:08 of 2nd period - Wrist shot by Thomas Novak.
8:08 of 2nd period - Deflect By Josh Doan.
8:08 of 2nd period - Shot Misses the Net.
8:08 of 2nd period - Puck is out of play.
8:09 of 2nd period - Alex Newhook wins face-off versus Ryan Johansen in Boston Bruins zone.
8:22 of 2nd period - Snap shot by Joel Farabee.
8:22 of 2nd period - Stopped by Anthony Stolarz with a rebound.
8:24 of 2nd period - Wrist shot by Matt Grzelcyk.
8:24 of 2nd period - Deflect By Leo Carlsson.
8:24 of 2nd period - Stopped by Anthony Stolarz with a rebound.
8:54 of 2nd period - Wrist shot by Angus Crookshank.
8:54 of 2nd period - Stopped by Anthony Stolarz with a rebound.
8:56 of 2nd period - Slapshot by Aatu Raty.
8:56 of 2nd period - Stopped by Anthony Stolarz without a rebound.
8:57 of 2nd period - Ryan Johansen wins face-off versus Aatu Raty in Nashville Predators zone.
9:14 of 2nd period - Michael Kesselring is hit by Ryan Johansen and loses puck.
9:21 of 2nd period - Wrist shot by Anthony Beauvillier.
9:21 of 2nd period - Stopped by Anthony Stolarz without a rebound.
9:22 of 2nd period - Colton Sissons wins face-off versus Ryan Strome in Nashville Predators zone.
9:24 of 2nd period - Minor Penalty to Mattias Samuelsson for Tripping.
9:25 of 2nd period - Colton Sissons wins face-off versus Alex Newhook in Nashville Predators zone.
9:51 of 2nd period - Brett Leason is hit by Cam York and loses puck.
10:28 of 2nd period - Jordan Harris is hit by Ryan Strome and loses puck.
11:24 of 2nd period - Penalty to Mattias Samuelsson is over, Mattias Samuelsson is back on ice.
11:52 of 2nd period - Snap shot by Angus Crookshank.
11:52 of 2nd period - Shot Misses the Net.
11:54 of 2nd period - Slapshot by Aatu Raty.
11:54 of 2nd period - Shot Misses the Net.
11:56 of 2nd period - Wrist shot by Angus Crookshank.
11:56 of 2nd period - Shot Blocked by Jesper Boqvist.
11:58 of 2nd period - Snap shot by Angus Crookshank.
11:58 of 2nd period - Shot Misses the Net.
12:08 of 2nd period - Minor Penalty to Jack Drury for Slashing.
12:09 of 2nd period - Ryan Johansen wins face-off versus Ryan Strome in Nashville Predators zone.
13:00 of 2nd period - Wrist shot by Brett Leason.
13:00 of 2nd period - Stopped by Pyotr Kochetkov with a rebound.
14:08 of 2nd period - Penalty to Jack Drury is over, Jack Drury is back on ice.
14:30 of 2nd period - Drew O'Connor is hit by Mattias Samuelsson and loses puck.
14:49 of 2nd period - Snap shot by Angus Crookshank.
14:49 of 2nd period - Goal by Angus Crookshank - Nashville Predators : 0 - Boston Bruins : 3.
14:50 of 2nd period - Colton Sissons wins face-off versus Alex Newhook in neutral zone.
14:53 of 2nd period - Joel Farabee is hit by Max Pacioretty and loses puck.
14:58 of 2nd period - Wrist shot by Colton Sissons.
14:58 of 2nd period - Shot Blocked by Matt Grzelcyk.
15:00 of 2nd period - Slapshot by Jordan Harris.
15:00 of 2nd period - Shot Blocked by Nick Perbix.
15:02 of 2nd period - Slapshot by Dante Fabbro.
15:02 of 2nd period - Deflect By Colton Sissons.
15:02 of 2nd period - Goal by Colton Sissons - Nashville Predators : 1 - Boston Bruins : 3.
15:03 of 2nd period - Ryan Johansen wins face-off versus Alex Newhook in neutral zone.
15:06 of 2nd period - Jordan Harris is hit by Alex Newhook and loses puck.
15:29 of 2nd period - Pius Suter is hit by Morgan Geekie and loses puck.
16:14 of 2nd period - Snap shot by John-Jason Peterka.
16:14 of 2nd period - Stopped by Anthony Stolarz without a rebound.
16:15 of 2nd period - Jack Studnicka wins face-off versus Michael Carcone in Nashville Predators zone.
16:16 of 2nd period - Wrist shot by John-Jason Peterka.
16:16 of 2nd period - Stopped by Anthony Stolarz with a rebound.
16:18 of 2nd period - Wrist shot by Jack Studnicka.
16:18 of 2nd period - Stopped by Anthony Stolarz with a rebound.
16:40 of 2nd period - Michael Kesselring is hit by Mattias Samuelsson.
16:52 of 2nd period - Slapshot by Leo Carlsson.
16:52 of 2nd period - Stopped by Pyotr Kochetkov with a rebound.
17:06 of 2nd period - Wrist shot by Jesper Boqvist.
17:06 of 2nd period - Stopped by Pyotr Kochetkov without a rebound.
17:07 of 2nd period - Jack Drury wins face-off versus Ryan Strome in Boston Bruins zone.
17:10 of 2nd period - Wrist shot by Zach Benson.
17:10 of 2nd period - Stopped by Pyotr Kochetkov with a rebound.
17:12 of 2nd period - Slapshot by Dante Fabbro.
17:12 of 2nd period - Stopped by Pyotr Kochetkov with a rebound.
17:29 of 2nd period - Icing by Jordan Harris.
17:30 of 2nd period - Colton Sissons wins face-off versus Jack Studnicka in Nashville Predators zone.
17:35 of 2nd period - Wrist shot by Pius Suter.
17:35 of 2nd period - Stopped by Pyotr Kochetkov with a rebound.
17:40 of 2nd period - Off-side.
17:41 of 2nd period - Ryan Strome wins face-off versus Ryan Johansen in neutral zone.
18:55 of 2nd period - Snap shot by Aatu Raty.
18:55 of 2nd period - Shot Blocked by Simon Benoit.
18:57 of 2nd period - Slapshot by Michael Kesselring.
18:57 of 2nd period - Stopped by Anthony Stolarz with a rebound.
19:11 of 2nd period - Brett Leason is hit by Michael Rasmussen and loses puck.
19:28 of 2nd period - Slapshot by Pius Suter.
19:28 of 2nd period - Stopped by Pyotr Kochetkov without a rebound.
19:29 of 2nd period - Colton Sissons wins face-off versus Alex Newhook in Boston Bruins zone.
19:36 of 2nd period - Wrist shot by Alex Newhook.
19:36 of 2nd period - Shot Blocked by Mattias Samuelsson.
Goals for this period are 1 for Nashville Predators vs 3 for Boston Bruins.
Shots for this period are 15 for Nashville Predators vs 14 for Boston Bruins.
3rd period
0:01 of 3rd period - Ryan Strome wins face-off versus Pius Suter in neutral zone.
0:06 of 3rd period - Slapshot by Michael Rasmussen.
0:06 of 3rd period - Shot Misses the Net.
0:08 of 3rd period - Snap shot by Michael Rasmussen.
0:08 of 3rd period - Shot Blocked by Dante Fabbro.
0:10 of 3rd period - Wrist shot by Michael Rasmussen.
0:10 of 3rd period - Stopped by Anthony Stolarz without a rebound.
0:11 of 3rd period - Ryan Johansen wins face-off versus Alex Newhook in Nashville Predators zone.
0:11 of 3rd period - Ryan Johansen is hit by Alex Newhook.
0:17 of 3rd period - Wrist shot by Brett Leason.
0:17 of 3rd period - Shot Misses the Net.
0:19 of 3rd period - Backhand shot by Ryan Johansen.
0:19 of 3rd period - Stopped by Pyotr Kochetkov without a rebound.
0:20 of 3rd period - Ryan Johansen wins face-off versus Alex Newhook in Boston Bruins zone.
0:21 of 3rd period - Snap shot by Leo Carlsson.
0:21 of 3rd period - Shot Misses the Net.
0:23 of 3rd period - Slapshot by Mattias Samuelsson.
0:23 of 3rd period - Stopped by Pyotr Kochetkov without a rebound.
0:24 of 3rd period - Colton Sissons wins face-off versus Ryan Strome in Boston Bruins zone.
0:27 of 3rd period - Wrist shot by Pius Suter.
0:27 of 3rd period - Stopped by Pyotr Kochetkov without a rebound.
0:28 of 3rd period - Colton Sissons wins face-off versus Ryan Strome in Boston Bruins zone.
0:29 of 3rd period - Backhand shot by Max Pacioretty.
0:29 of 3rd period - Shot Blocked by Cam York.
1:19 of 3rd period - Snap shot by Thomas Novak.
1:19 of 3rd period - Shot Misses the Net.
1:57 of 3rd period - Slapshot by Dante Fabbro.
1:57 of 3rd period - Shot Blocked by John Ludvig.
1:59 of 3rd period - Slapshot by Jordan Harris.
1:59 of 3rd period - Stopped by Pyotr Kochetkov with a rebound.
2:03 of 3rd period - Snap shot by Max Pacioretty.
2:03 of 3rd period - Stopped by Pyotr Kochetkov without a rebound.
2:04 of 3rd period - Ryan Johansen wins face-off versus Alex Newhook in Boston Bruins zone.
2:11 of 3rd period - Wrist shot by Ryan Johansen.
2:11 of 3rd period - Shot Misses the Net.
2:13 of 3rd period - Slapshot by Artem Zub.
2:13 of 3rd period - Shot Blocked by Alex Newhook.
2:15 of 3rd period - Backhand shot by Mattias Samuelsson.
2:15 of 3rd period - Stopped by Pyotr Kochetkov with a rebound.
2:17 of 3rd period - Slapshot by Mattias Samuelsson.
2:17 of 3rd period - Shot Misses the Net.
2:50 of 3rd period - Jack Studnicka is hit by Jack Drury and loses puck.
3:01 of 3rd period - Snap shot by Jack Drury.
3:01 of 3rd period - Shot Misses the Net.
3:17 of 3rd period - Slapshot by Josh Doan.
3:17 of 3rd period - Shot Misses the Net.
3:19 of 3rd period - Slapshot by Henri Jokiharju.
3:19 of 3rd period - Stopped by Pyotr Kochetkov without a rebound.
3:20 of 3rd period - Ryan Johansen wins face-off versus Alex Newhook in Boston Bruins zone.
3:31 of 3rd period - Snap shot by Leo Carlsson.
3:31 of 3rd period - Shot Misses the Net.
3:33 of 3rd period - Slapshot by Henri Jokiharju.
3:33 of 3rd period - Shot Blocked by Nick Perbix.
3:35 of 3rd period - Wrist shot by Brett Leason.
3:35 of 3rd period - Shot Misses the Net.
4:41 of 3rd period - Slapshot by Jordan Harris.
4:41 of 3rd period - Shot Blocked by Cam York.
5:23 of 3rd period - John Ludvig is hit by Zach Benson and loses puck.
5:34 of 3rd period - Morgan Geekie is hit by Brett Leason and loses puck.
6:26 of 3rd period - Henri Jokiharju is hit by Joel Farabee and loses puck.
6:47 of 3rd period - Snap shot by Drew O'Connor.
6:47 of 3rd period - Stopped by Anthony Stolarz with a rebound.
7:19 of 3rd period - Slapshot by Jesper Boqvist.
7:19 of 3rd period - Stopped by Pyotr Kochetkov without a rebound.
7:20 of 3rd period - Jack Drury wins face-off versus Aatu Raty in Boston Bruins zone.
7:35 of 3rd period - Backhand shot by Jesper Boqvist.
7:35 of 3rd period - Shot Misses the Net.
7:45 of 3rd period - Slapshot by Joel Farabee.
7:45 of 3rd period - Stopped by Anthony Stolarz with a rebound.
8:27 of 3rd period - Slapshot by Jack Studnicka.
8:27 of 3rd period - Stopped by Anthony Stolarz with a rebound.
8:29 of 3rd period - Slapshot by Cam York.
8:29 of 3rd period - Stopped by Anthony Stolarz with a rebound.
8:31 of 3rd period - Slapshot by Jack Studnicka.
8:31 of 3rd period - Stopped by Anthony Stolarz with a rebound.
8:33 of 3rd period - Wrist shot by John-Jason Peterka.
8:33 of 3rd period - Stopped by Anthony Stolarz without a rebound.
8:34 of 3rd period - Ryan Johansen wins face-off versus Alex Newhook in Nashville Predators zone.
8:59 of 3rd period - Ryan Strome is hit by Zach Benson and loses puck.
9:06 of 3rd period - Slapshot by Zach Benson.
9:06 of 3rd period - Shot Blocked by Michael Kesselring.
9:08 of 3rd period - Snap shot by Jack Drury.
9:08 of 3rd period - Stopped by Pyotr Kochetkov with a rebound.
9:10 of 3rd period - Wrist shot by Dante Fabbro.
9:10 of 3rd period - Stopped by Pyotr Kochetkov with a rebound.
9:30 of 3rd period - Snap shot by Max Pacioretty.
9:30 of 3rd period - Stopped by Pyotr Kochetkov without a rebound.
9:31 of 3rd period - Ryan Johansen wins face-off versus Alex Newhook in Boston Bruins zone.
10:03 of 3rd period - Wrist shot by Zach Benson.
10:03 of 3rd period - Shot Misses the Net.
10:18 of 3rd period - Minor Penalty to Matt Grzelcyk for Tripping.
10:19 of 3rd period - Ryan Johansen wins face-off versus Ryan Strome in Boston Bruins zone.
12:18 of 3rd period - Penalty to Matt Grzelcyk is over, Matt Grzelcyk is back on ice.
12:35 of 3rd period - Wrist shot by Drew O'Connor.
12:35 of 3rd period - Goal by Drew O'Connor - Nashville Predators : 1 - Boston Bruins : 4.
12:36 of 3rd period - Jack Drury wins face-off versus Jack Studnicka in neutral zone.
12:51 of 3rd period - Off-side.
12:52 of 3rd period - Ryan Johansen wins face-off versus Alex Newhook in neutral zone.
12:59 of 3rd period - Wrist shot by Leo Carlsson.
12:59 of 3rd period - Deflect By Ryan Johansen.
12:59 of 3rd period - Stopped by Pyotr Kochetkov with a rebound.
13:37 of 3rd period - Henri Jokiharju is hit by John-Jason Peterka.
14:19 of 3rd period - Icing by Anders Lee.
14:20 of 3rd period - Ryan Johansen wins face-off versus Alex Newhook in Boston Bruins zone.
14:49 of 3rd period - Snap shot by Ryan Strome.
14:49 of 3rd period - Stopped by Anthony Stolarz with a rebound.
15:10 of 3rd period - Minor Penalty to Mattias Samuelsson for Cross-checking.
15:11 of 3rd period - Ryan Strome wins face-off versus Brett Leason in Nashville Predators zone.
17:10 of 3rd period - Penalty to Mattias Samuelsson is over, Mattias Samuelsson is back on ice.
17:45 of 3rd period - Snap shot by John-Jason Peterka.
17:45 of 3rd period - Deflect By Drew O'Connor.
17:45 of 3rd period - Shot Blocked by Simon Benoit.
17:45 of 3rd period - Puck is out of play.
17:46 of 3rd period - Thomas Novak wins face-off versus Angus Crookshank in Nashville Predators zone.
17:46 of 3rd period - Thomas Novak is hit by Aatu Raty.
17:58 of 3rd period - Snap shot by Angus Crookshank.
17:58 of 3rd period - Stopped by Anthony Stolarz with a rebound.
18:00 of 3rd period - Slapshot by Michael Kesselring.
18:00 of 3rd period - Shot Misses the Net.
18:02 of 3rd period - Snap shot by Aatu Raty.
18:02 of 3rd period - Deflect By Anthony Beauvillier.
18:02 of 3rd period - Stopped by Anthony Stolarz with a rebound.
18:35 of 3rd period - Wrist shot by Ryan Johansen.
18:35 of 3rd period - Stopped by Pyotr Kochetkov without a rebound.
18:36 of 3rd period - Jack Studnicka wins face-off versus Ryan Johansen in Boston Bruins zone.
Goals for this period are 0 for Nashville Predators vs 1 for Boston Bruins.
Shots for this period are 13 for Nashville Predators vs 11 for Boston Bruins.
Back to the Top